 Dungeon Crawl Stone Soup version 0.21-a0-221-gfe971b9 (webtiles) character file.

297 pokedragonboy the Changer (level 6, -3/38 HPs)
             Began as an Octopode Transmuter on Aug 24, 2017.
             Killed from afar by an orc wizard (4 damage)
             ... with a magic dart
             ... on level 4 of the Dungeon.
             The game lasted 00:10:17 (4045 turns).

pokedragonboy the Changer (Octopode Transmuter)     Turns: 4045, Time: 00:10:17

Health: -3/38      AC:  1    Str: 10    XL:     6   Next: 35%
Magic:  6/10       EV: 14    Int: 16    God:
Gold:   110        SH:  0    Dex: 13    Spells: 5/11 levels left

rFire    . . .     SeeInvis .   e - +0 dagger
rCold    . . .     Gourm    .   (no shield)
rNeg     . . .     Faith    .   (helmet restricted)
rPois    .         Spirit   .   (no amulet)
rElec    .         Reflect  .   (no ring)
rCorr    .         Harm     .   (no ring)
MR       .....                  (no ring)
Stlth    ++........             (no ring)
HPRegen  0.12/turn              (no ring)
MPRegen  0.12/turn              (no ring)
                                (no ring)
                                (no ring)

@: appendage (expiring), slowed, very slow
A: almost no armour, stealthy swim, amphibious, 8 rings, constrict 8, tentacle
spike 3, camouflage 1, gelatinous body 1
a: End Transformation


You were on level 4 of the Dungeon.
You were not hungry.
One of your tentacles had a temporary spike.
You visited 1 branch of the dungeon, and saw 4 of its levels.

You collected 110 gold pieces.

Inventory:

Hand Weapons
 e - a +0 dagger (weapon)
Missiles
 a - 23 arrows
 g - 2 throwing nets (quivered)
 w - a tomahawk of dispersal
Jewellery
 q - an uncursed amulet of rage
Wands
 r - a wand of confusion (28/48)
 t - a wand of iceblast (10/15)
 y - a wand of confusion (31/48)
Scrolls
 f - 3 scrolls of identify
 h - a scroll of immolation
 m - a scroll of blinking {unknown}
 s - a scroll of recharging {unknown}
Potions
 d - 3 potions of haste
 k - a potion of lignification
 l - 2 potions of heal wounds {unknown}
 o - a potion of mutation {unknown}
 v - 2 potions of curing {unknown}
 x - a potion of agility {unknown}
Books
 b - a book of Changes

   Spells                             Type                      Level
   a - Beastly Appendage              Transmutation                1
   b - Sticks to Snakes               Transmutation                2
   c - Spider Form                    Transmutation/Poison         3
   d - Ice Form                       Ice/Transmutation            4
   e - Blade Hands                    Transmutation                5
Comestibles
 c - 2 bread rations
 i - a fruit
 j - 2 meat rations
 p - 2 royal jellies
 u - 13 chunks of flesh


   Skills:
 - Level 1.0 Fighting
 + Level 3.5 Dodging
 + Level 3.9 Unarmed Combat
 + Level 3.2 Spellcasting
 * Level 4.2 Transmutations


You had 5 spell levels left.
You knew the following spells:

 Your Spells              Type           Power        Failure   Level  Hunger
a - Beastly Appendage     Tmut           ###...       3%          1    None
b - Sticks to Snakes      Tmut           ###.....     4%          2    ##.....
c - Spider Form           Tmut/Pois      #.........   22%         3    ###....


Dungeon Overview and Level Annotations

Branches:
Dungeon (4/15)
 Temple: D:4-7

Altars:
Ashenzari
Dithmenos
Nemelex Xobeh


Innate Abilities, Weirdness & Mutations

You cannot wear most types of armour.
You are very stealthy in the water. (Stealth+)
You are amphibious.
You can wear up to eight rings at the same time.
You can use your tentacles to constrict eight enemies at once.
Your skin changes colour to match your surroundings (Stealth+).
Your rubbery body absorbs attacks. (AC +1, EV +1)
One of your tentacles bears a large vicious spike.


Message History

You pierce the orc priest, but do no damage.
The orc priest is lightly wounded.
You constrict the orc priest. The orc wizard hits you with a dagger.
* * * LOW HITPOINT WARNING * * *
Something hits you.
* * * LOW HITPOINT WARNING * * *
The orc priest struggles to escape constriction.
A jackal comes into view.
As you read the scroll labeled EXUDAUFIRO, it crumbles to dust.
The scroll dissolves into smoke.
It was a scroll of fog.
You constrict the orc priest.
The jackal moves out of view.
The orc wizard misses you. Something hits you.
* * * LOW HITPOINT WARNING * * *
The orc priest struggles to escape constriction.
The orc wizard closely misses you. The orc priest hits you.
* * * LOW HITPOINT WARNING * * *
You hear some strange, mumbled words.
A magic dart appears from out of thin air!
The magic dart hits you!
You die...

'.....#..........#
#.....#..........#
#.....#..........#
#.....#...(......##
#≈..###...(......#.
#≈≈.(.(..(####'###.
#8≈.§.....#........
#§§§......#......).
#§@o§.....#.....)).
#o{#......#.....##.
..lho#......#....)##.
#......#......#......#.
#...##'#......#.....##.
#... .........#.....##.
.... .........#.....#..
.... .........#.....#..
#.....#..


You could see an orc priest, 2 orc wizards, a jackal and a frilled lizard.

Vanquished Creatures
  Ijyb (D:3)
  An iguana (D:4)
  A worker ant zombie (D:3)
  An adder (D:2)
  A gnoll (D:1)
  A worm (D:2)
  2 dart slugs
  A leopard gecko (D:3)
  5 orcs
  2 ball pythons
  5 giant cockroaches
  5 goblins
  10 hobgoblins
  2 jackals (D:1)
  7 bats
  3 frilled lizards
  2 kobolds
  2 rats
52 creatures vanquished.

Vanquished Creatures (collateral kills)
  Purgy (D:3)
  A centaur (D:3)
  An orc priest (D:4)
  An orc wizard (D:4)
  2 orcs (D:4)
6 creatures vanquished.

Grand Total: 58 creatures vanquished

Notes
Turn   | Place    | Note
-------+----------+-------------------------------------------
     0 | D:1      | pokedragonboy the Octopode Transmuter began the quest for the Orb.
     0 | D:1      | Reached XP level 1. HP: 13/13 MP: 3/3
   173 | D:1      | Reached XP level 2. HP: 18/18 MP: 5/5
   790 | D:1      | Reached XP level 3. HP: 20/23 MP: 4/6
  1401 | D:2      | Found a shattered altar of Ashenzari.
  2223 | D:2      | Found a sparkling altar of Nemelex Xobeh.
  2375 | D:2      | Reached skill level 3 in Transmutations
  2451 | D:2      | Reached XP level 4. HP: 28/28 MP: 5/7
  2692 | D:3      | Found a faded altar of an unknown god.
  2809 | D:3      | Found a shadowy altar of Dithmenos.
  2934 | D:3      | Noticed a centaur
  3102 | D:3      | Noticed Ijyb
  3111 | D:3      | Learned a level 2 spell: Sticks to Snakes
  3115 | D:3      | Learned a level 3 spell: Spider Form
  3132 | D:3      | Killed Ijyb
  3197 | D:3      | Noticed Purgy
  3400 | D:3      | Killed Purgy
  3400 | D:3      | Reached XP level 5. HP: 19/33 MP: 0/9
  3619 | D:3      | Killed a centaur
  3619 | D:3      | Reached skill level 4 in Transmutations
  3619 | D:3      | Reached XP level 6. HP: 28/38 MP: 3/10
  4045 | D:4      | HP: 1/38 [orc priest (1)]
  4045 | D:4      | Killed from afar by an orc wizard

Vault maps used:
D:1:      sevenhm_arrival_forest_fort_large_4
D:2:      nemelex_xobeh_ov_fountains_minmay, amethyst_killhole,
          nicolae_ashenzari_panopticon
D:3:      nicolae_dithmenos_through_a_glass_darkly,
          chequers_ecumenical_altar_simple_redux, minmay_misc_feat_roman,
          uniq_ijyb, uniq_purgy
D:4:      first_bread, moated_statue, uniq_blork_the_orc, uniq_grinder

Skill      XL: |  1  2  3  4  5 |
---------------+----------------+-----
Transmutations | 3 4 |  4.2
Dodging        | 3 |  3.5
Spellcasting   | 3 |  3.2
Fighting       | |  1.0
Unarmed Combat | |  3.9

Action                   |  1- 3 |  4- 6 || total
-------------------------+-------+-------++-------
Melee: Dagger            |    77 |    84 ||   161
       Unarmed           |     6 |     9 ||    15
       Constrict         |    25 |    23 ||    48
       Kick              |    12 |    19 ||    31
       Tentacles         |    14 |    13 ||    27
       Punch             |     2 |     2 ||     4
 Cast: Beastly Appendage |    20 |    14 ||    34
       Sticks to Snakes  |       |    12 ||    12
       Spider Form       |       |     1 ||     1
  Use: Scroll            |     1 |     4 ||     5
 Stab: Sleeping          |     4 |     2 ||     6
  Eat: Chunk             |     5 |     6 ||    11
Armor: Skin              |    13 |     5 ||    18
Dodge: Dodged            |    47 |    77 ||   124

Table legend:
 A = Spawn XP
 B = Non-spawn XP
 C = Spawn XP percentage of total XP
 D = Spawn monster count
 E = Non-spawn monster count
 F = Spawn count percentage of total count
 G = Total turns spent on level
                    A         B        C        D         E        F      G
               +---------+---------+-------+---------+---------+-------+---------
         Total |      13 |     412 |   3.1 |       7 |      51 |  12.1 |  4045
               +---------+---------+-------+---------+---------+-------+---------
           D:1 |       1 |      40 |   2.4 |       1 |      16 |   5.9 |  1260
           D:2 |      10 |      34 |  22.7 |       5 |      11 |  31.2 |  1399
           D:3 |       2 |     233 |   0.9 |       1 |      15 |   6.2 |  1055
           D:4 |       0 |     105 |   0.0 |       0 |       9 |   0.0 |   331
               +---------+---------+-------+---------+---------+-------+---------
